 Dungeon Sprint DCSS version 0.30-a0-737-gf23d94013f (webtiles) character file.

Game seed: 790810126443285185

1811 sircluck the Grappler (level 8, -2/88 HPs)
             Began as a Troll Fighter on Feb 2, 2023.
             Slain by a centaur warrior (4 damage)
             ... in the Dungeon (Sprint I: "Red Sonja").
             The game lasted 00:02:11 (381 turns).

sircluck the Grappler (Troll Fighter)                Turns: 381, Time: 00:02:11

Health: -2/88      AC:  4    Str: 27    XL:     8   Next: 84%
Magic:  7/7        EV: 11    Int:  4    God:
Gold:   435        SH: 10    Dex:  9    Spells: 7/7 levels left

rFire   . . .      SeeInvis .      - Unarmed
rCold   + . .      Faith    .    b - +0 kite shield
rNeg    . . .      Spirit   .    a - +0 robe
rPois   .          Reflect  .    (helmet restricted)
rElec   .          Harm     .    (no cloak)
rCorr   .          Rampage  .    (gloves unavailable)
Will    .....      NoTele   +    (boots unavailable)
Stlth   +                        (no amulet)
HPRegen 1.14/turn                k - ring of protection from cold
MPRegen 0.10/turn                (no ring)

@: no status effects
A: large, unfitting armour, claws 3, regeneration 1, shaggy fur 1, tough skin 1
a: no special abilities


You were in the Dungeon.
You visited 1 branch You collected 435 gold pieces.

Inventory:

Armour
 a - a +0 robe (worn)
 b - a +0 kite shield (worn)
Jewellery
 k - a ring of protection from cold (left claw)
Wands
 j - a wand of flame (12)
Potions
 c - a potion of might
 f - a potion of haste
 g - 2 potions of magic
 h - a potion of berserk rage


   Skills:
 + Level 8.2 Fighting
 + Level 9.1 Dodging
 + Level 0.1 Stealth
 + Level 9.8 Shields
 + Level 10.3 Unarmed Combat
 + Level 0.8 Evocations


You had 7 spell levels left.
You didn't know any spells.
Your spell library was empty.

Dungeon Overview and Level Annotations

Branches:
Dungeon (1/1)

Altars:
Cheibriados
Dithmenos
Elyvilon
Fedhas
Hepliaklqana
Kikubaaqudgha
Makhleb
Okawaru
Qazlal
Ru
Sif Muna
Trog
Uskayaw
Vehumet
Wu Jian
Xom
Yredelemnul
Zin
The Shining One
Jiyva
Lugonu

Shops:
D *


Innate Abilities, Weirdness & Mutations

You are too large for most types of armour.
You have claws for hands.
Your natural rate of healing is unusually fast.
You are covered in fur. (AC +1)
You have tough skin. (AC +1)


Message History

You block the centaur warrior's attack. x2
The centaur warrior barely misses you. The centaur warrior kicks you.
* * * LOW HITPOINT WARNING * * *
The centaur warrior hits you.
* * * LOW HITPOINT WARNING * * *
The centaur warrior closely misses you.
You claw the centaur warrior!
You kill the centaur warrior!
You hear a splash.
You block the centaur warrior's attack. x2
Your Fighting skill increases to level 8!
Your Dodging skill increases to level 9!
Your Unarmed Combat skill gained 2 levels and is now at level 10!
You scratch the centaur warrior.
The centaur warrior is lightly wounded.
The centaur warrior hits you.
* * * LOW HITPOINT WARNING * * *
The centaur warrior kicks you but does no damage.
You mangle the centaur warrior!!
The centaur warrior is heavily wounded.
The centaur warrior hits you!
* * * LOW HITPOINT WARNING * * *
The centaur warrior kicks you.
* * * LOW HITPOINT WARNING * * *
You block the centaur warrior's attack. x2
You feel better. The centaur warrior hits you!
* * * LOW HITPOINT WARNING * * *
The centaur warrior kicks you.
* * * LOW HITPOINT WARNING * * *
You scratch the centaur warrior.
The centaur warrior is heavily wounded.
The centaur warrior completely misses you.
The centaur warrior closely misses you.
You barely miss the centaur warrior.
The centaur warrior is heavily wounded.
The centaur warrior hits you!
* * * LOW HITPOINT WARNING * * *
The centaur warrior completely misses you.
The centaur warrior closely misses you. The centaur warrior kicks you.
You die...

#########################
<.#..)..#..'..#__#..s)..#
..').#..').#..+..+ss#)..##+#
..#####'#####+#__####..§s..#
..# #..#...#.####§§#####s.+
..#__####..##.#§c§§§# ##
..#_____##'#_.§§@§§§+
⌠⌠#_.∩...÷..._#§)~§§#
###_..__##_.#'##+#### ___
##+#.# # ###


You could see a centaur warrior.

Vanquished Creatures
  A centaur warrior (D)
  2 kobold demonologists (D)
  A slime creature (D)
  Sigmund (D)
  A yak (D)
  A floating eye (D)
  An ogre (D)
  A jelly (D)
  Ijyb (D)
10 creatures vanquished.

Notes
Turn   | Place    | Note
-------+----------+-------------------------------------------
     0 | D        | sircluck the Troll Fighter began the quest for the Orb.
     0 | D        | Reached XP level 1. HP: 22/22 MP: 0/0
     2 | D        | Noticed Ijyb
     9 | D        | Killed Ijyb
    10 | D        | Reached XP level 2. HP: 23/31 MP: 1/1
    16 | D        | Noticed an ogre
    20 | D        | Killed an ogre
    21 | D        | Reached skill level 5 in Shields
    21 | D        | Reached skill level 3 in Unarmed Combat
    21 | D        | Reached XP level 3. HP: 41/41 MP: 2/2
    21 | D        | Reached XP level 4. HP: 49/49 MP: 3/3
    32 | D        | Noticed Sigmund
    41 | D        | Killed Sigmund
    42 | D        | Reached skill level 5 in Fighting
    42 | D        | Reached skill level 4 in Unarmed Combat
    42 | D        | Reached XP level 5. HP: 55/59 MP: 4/4
    59 | D        | Found an ornate altar of the Wu Jian Council.
    59 | D        | Found a shimmering blue altar of Sif Muna.
    61 | D        | Found a radiant altar of Vehumet.
    64 | D        | Reached skill level 5 in Unarmed Combat
    64 | D        | Reached XP level 6. HP: 67/67 MP: 5/5
    92 | D        | Found Roref's Assorted Antiques.
    92 | D        | Found an ancient bone altar of Kikubaaqudgha.
    92 | D        | Found a hazy altar of Hepliaklqana.
    92 | D        | Found a stormy altar of Qazlal.
    92 | D        | Found a hide-covered altar of Uskayaw.
    92 | D        | Found a blossoming altar of Fedhas.
    92 | D        | Found a bloodstained altar of Trog.
    92 | D        | Found an iron altar of Okawaru.
    92 | D        | Found a basalt altar of Yredelemnul.
    92 | D        | Found a glowing golden altar of the Shining One.
    92 | D        | Found a snail-covered altar of Cheibriados.
    92 | D        | Found a sacrificial altar of Ru.
    92 | D        | Found a glowing silver altar of Zin.
    92 | D        | Found a shadowy altar of Dithmenos.
    92 | D        | Found a white marble altar of Elyvilon.
    92 | D        | Noticed a yak
    99 | D        | Killed a yak
   100 | D        | Reached skill level 6 in Unarmed Combat
   114 | D        | Found a burning altar of Makhleb.
   114 | D        | Found a viscous altar of Jiyva.
   114 | D        | Found a shimmering altar of Xom.
   114 | D        | Found a corrupted altar of Lugonu.
   114 | D        | Noticed a slime creature
   120 | D        | Killed a slime creature
   121 | D        | Reached XP level 7. HP: 22/78 MP: 6/6
   283 | D        | Noticed a kobold demonologist
   283 | D        | Noticed a kobold demonologist
   288 | D        | Reached skill level 7 in Unarmed Combat
   292 | D        | Killed a kobold demonologist
   293 | D        | Reached skill level 8 in Unarmed Combat
   295 | D        | Killed a kobold demonologist
   296 | D        | Reached XP level 8. HP: 80/88 MP: 7/7
   301 | D        | Noticed a demonic crawler
   301 | D        | Noticed a demonic crawler
   301 | D        | Noticed a demonic crawler
   301 | D        | Noticed a demonic crawler
   366 | D        | Noticed a centaur warrior
   366 | D        | Noticed a centaur warrior
   376 | D        | Killed a centaur warrior
   377 | D        | Reached skill level 10 in Unarmed Combat
   381 | D        | HP: 2/88 [centaur warrior (9)]
   381 | D        | Slain by a centaur warrior

Illustrated notes

Levels and vault maps discovered:
D:        dungeon_sprint_1 [red_sonja_temple_1, red_sonja_temple_small_1]

Skill      XL: |  1  2  3  4  5  6  7  8 |
---------------+-------------------------+-----
Fighting       | 3 4 5 6 7 8 |  8.2
Dodging        | 3 4 6 7 8 9 |  9.1
Shields        | 3 5 6 8 9 |  9.8
Unarmed Combat | 3 4 5 6 8 10 | 10.3
Stealth        | |  0.1
Evocations     | |  0.8

Action                     |  1- 3 |  4- 6 |  7- 9 || total
---------------------------+-------+-------+-------++-------
  Melee: Unarmed           |     9 |    21 |    22 ||    52
  Evoke: Wand              |     1 |       |     2 ||     3
    Use: Potion            |       |       |     2 ||     2
         Scroll            |       |       |     1 ||     1
 Armour: Robe              |     1 |     1 |    14 ||    16
  Dodge: Dodged            |     1 |     4 |    19 ||    24
  Block: Kite shield       |     4 |     4 |    22 ||    30

Table legend: (Time is in decaauts)
 A = Elapsed time spent in this place.
 B = Non-inter-level travel time spent in this place.
 C = Inter-level travel time spent in this place.
 D = Time resting spent in this place.
 E = Time spent auto-exploring this place.
 F = Levels seen in this place.
 G = Mean time per level.
                   A        B        C        D        E       F      G
               +--------+--------+--------+--------+--------+-----+--------+
         Total |    380 |    380 |      0 |    190 |     29 |   1 |  380.0 |
       Dungeon |    380 |    380 |      0 |    190 |     29 |   1 |  380.0 |
               +--------+--------+--------+--------+--------+-----+--------+

Top non-repeatable levels by time:
       D: 380 daAuts
